TOP OF THE 1ST |
Lowell Spinners batting - Pitching for Mahoning Valley Scrappers : RHP Arturo Rojas
|
Pitching: RHP Arturo Rojas
|
|
Batting: RHB Jim Hubbard
|
0-0: Swinging Strike 0-1: Ball 1-1: Ground out 4-3 (Groundball, 4S, EV 76.9 MPH)
|
Batting: SHB Eric Evans
|
0-0: Foul Ball, location: 2F 0-1: Foul Ball, location: 2F 0-2: Ground out U3 (Groundball, 3L, EV 90.0 MPH)
|
Batting: RHB Dave Burwell
|
0-0: SINGLE (Line Drive, 7S, EV 96.2 MPH)
|
Batting: RHB Alex Cardenas
|
0-0: Swinging Strike 0-1: Ball 1-1: Ball 2-1: Foul Ball, location: 2F 2-2: Strikes out looking
|
Top of the 1st over - 0 runs, 1 hit, 0 errors, 1 left on base; Lowell 0 - Mahoning Valley 0 |
BOTTOM OF THE 1ST |
Mahoning Valley Scrappers batting - Pitching for Lowell Spinners : RHP Justin Swenson
|
Pitching: RHP Justin Swenson
|
|
Batting: SHB Scott Scott
|
0-0: Ball 1-0: Ball 2-0: Called Strike 2-1: Ground out 6-3 (Groundball, 6, EV 86.9 MPH)
|
Batting: RHB Josh Patterson
|
0-0: Ball 1-0: Ball 2-0: Ball 3-0: Foul Ball, location: 2F 3-1: Base on Balls
|
Batting: LHB Ben Rubenacker
|
0-0: Ball 1-0: Ball 2-0: Ball 3-0: Base on Balls Josh Patterson to second
|
Batting: LHB Kazuyoshi Nakamura
|
0-0: Hit by Pitch Josh Patterson to third Ben Rubenacker to second
|
Batting: RHB Harris Leroux
|
0-0: Foul Ball, location: 2F 0-1: Foul Ball, location: 2F 0-2: Strikes out looking
|
Batting: RHB Mitch Boyd
|
0-0: Foul Ball, location: 2F 0-1: Ball 1-1: Swinging Strike 1-2: Ball 2-2: Ball 3-2: Base on Balls Josh Patterson scores Ben Rubenacker to third Kazuyoshi Nakamura to second
|
Batting: LHB Esteban Cordova
|
0-0: Foul Ball, location: 2F 0-1: Foul Ball, location: 2F 0-2: Strikes out swinging
|
Bottom of the 1st over - 1 run, 0 hits, 0 errors, 3 left on base; Lowell 0 - Mahoning Valley 1 |
TOP OF THE 2ND |
Lowell Spinners batting - Pitching for Mahoning Valley Scrappers : RHP Arturo Rojas
|
Batting: RHB Bobby Schimke
|
0-0: Ball 1-0: Ground out 6-3 (Groundball, 56, EV 76.9 MPH)
|
Batting: RHB Tony Nunez
|
0-0: Ball 1-0: Ground out 4-3 (Groundball, 4M, EV 81.9 MPH)
|
Batting: SHB Salvador Padilla
|
0-0: Ball 1-0: Ground out 4-3 (Groundball, 34, EV 81.2 MPH)
|
Top of the 2nd over - 0 runs, 0 hits, 0 errors, 0 left on base; Lowell 0 - Mahoning Valley 1 |
BOTTOM OF THE 2ND |
Mahoning Valley Scrappers batting - Pitching for Lowell Spinners : RHP Justin Swenson
|
Batting: RHB Carlos Salazar
|
0-0: Called Strike 0-1: Ball 1-1: Ball 2-1: Foul Ball, location: 2F 2-2: Ball 3-2: Foul Ball, location: 2F 3-2: Base on Balls
|
Batting: RHB Willie Gonzales
|
0-0: Ball 1-0: Ball 2-0: Ball 3-0: Called Strike 3-1: Foul Ball, location: 2F 3-2: Base on Balls Carlos Salazar to second
|
Batting: SHB Scott Scott
|
0-0: Foul Ball, location: 2F 0-1: Foul Ball, location: 2F 0-2: Fielders Choice at 2nd, 4-6 (Groundball, 4, EV 83.1 MPH) Carlos Salazar to third
|
Batting: RHB Josh Patterson
|
0-0: Called Strike 0-1: Called Strike 0-2: Ball 1-2: Strikes out swinging
|
Batting: LHB Ben Rubenacker
|
0-0: Fly out, F4 (Line Drive, 4, EV 66.2 MPH)
|
Bottom of the 2nd over - 0 runs, 0 hits, 0 errors, 2 left on base; Lowell 0 - Mahoning Valley 1 |
TOP OF THE 3RD |
Lowell Spinners batting - Pitching for Mahoning Valley Scrappers : RHP Arturo Rojas
|
Batting: RHB John Doucette
|
0-0: Ball 1-0: Foul Ball, location: 2F 1-1: Swinging Strike 1-2: Ground out 6-3 (Groundball, 6, EV 81.9 MPH)
|
Batting: RHB Mike Strey
|
0-0: Ball 1-0: SINGLE (Flyball, 6D, EV 95.6 MPH)
|
Batting: RHB Jim Hubbard
|
0-0: Called Strike 0-1: Ball 1-1: Ball Wild Pitch! Mike Strey to second 2-1: Foul Ball, location: 2F 2-2: Ball 3-2: Foul Ball, location: 2F 3-2: Strikes out swinging
|
Batting: SHB Eric Evans
|
0-0: Ball 1-0: Ball 2-0: Called Strike 2-1: Fly out, F7 (Flyball, 78M, EV 78.1 MPH)
|
Top of the 3rd over - 0 runs, 1 hit, 0 errors, 1 left on base; Lowell 0 - Mahoning Valley 1 |
BOTTOM OF THE 3RD |
Mahoning Valley Scrappers batting - Pitching for Lowell Spinners : RHP Justin Swenson
|
Batting: LHB Kazuyoshi Nakamura
|
0-0: Ball 1-0: Ball 2-0: DOUBLE (Line Drive, 89D, EV 106.2 MPH)
|
Batting: RHB Harris Leroux
|
0-0: Called Strike 0-1: Foul Ball, location: 2F 0-2: Foul Ball, location: 2F 0-2: Ball 1-2: Ground out 5-3 (Groundball, 56S, EV 88.8 MPH)
|
Batting: RHB Mitch Boyd
|
0-0: Ball 1-0: Ball 2-0: Ball 3-0: Called Strike 3-1: Called Strike 3-2: Strikes out swinging
|
Batting: LHB Esteban Cordova
|
0-0: Ball 1-0: Foul Ball, location: 2F 1-1: Foul Ball, location: 2F 1-2: Ball 2-2: Foul Ball, location: 2F 2-2: Fly out, F9 (Flyball, 89M, EV 93.8 MPH)
|
Bottom of the 3rd over - 0 runs, 1 hit, 0 errors, 1 left on base; Lowell 0 - Mahoning Valley 1 |
TOP OF THE 4TH |
Lowell Spinners batting - Pitching for Mahoning Valley Scrappers : RHP Arturo Rojas
|
Batting: RHB Dave Burwell
|
0-0: Ball 1-0: Foul Ball, location: 2F 1-1: Swinging Strike 1-2: Strikes out swinging
|
Batting: RHB Alex Cardenas
|
0-0: Called Strike 0-1: Foul Ball, location: 2F 0-2: Ground out 1-3 (Groundball, 13S, EV 70.6 MPH)
|
Batting: RHB Bobby Schimke
|
0-0: Foul Ball, location: 2F 0-1: Ball 1-1: Foul Ball, location: 2F 1-2: Foul Ball, location: 2F 1-2: Foul Ball, location: 2F 1-2: DOUBLE (Line Drive, 78D, EV 101.9 MPH)
|
Batting: RHB Tony Nunez
|
0-0: Ball 1-0: Called Strike 1-1: Fly out, F7 (Flyball, 78S, EV 90.0 MPH)
|
Top of the 4th over - 0 runs, 1 hit, 0 errors, 1 left on base; Lowell 0 - Mahoning Valley 1 |
BOTTOM OF THE 4TH |
Mahoning Valley Scrappers batting - Pitching for Lowell Spinners : RHP Justin Swenson
|
Batting: RHB Carlos Salazar
|
0-0: Foul Ball, location: 2F 0-1: Ball 1-1: SOLO HOME RUN (Flyball, 7D, EV 96.9 MPH), Distance : 367 ft
|
Batting: RHB Willie Gonzales
|
0-0: Called Strike 0-1: Ball 1-1: Foul Ball, location: 2F 1-2: Ball 2-2: DOUBLE (Flyball, 89XD, EV 113.1 MPH)
|
Batting: SHB Scott Scott
|
0-0: Called Strike 0-1: DOUBLE (Flyball, 8RD, EV 96.2 MPH) Willie Gonzales scores
|
Batting: RHB Josh Patterson
|
0-0: Ball 1-0: Foul Ball, location: 2F 1-1: Hit by Pitch
|
Batting: LHB Ben Rubenacker
|
0-0: Called Strike 0-1: SINGLE (Groundball, 4MD, EV 96.9 MPH) Scott Scott to third Josh Patterson to second
|
Batting: LHB Kazuyoshi Nakamura
|
0-0: Called Strike 0-1: Ball 1-1: Foul Ball, location: 2F 1-2: Foul Ball, location: 2F 1-2: Foul Ball, location: 2F 1-2: Fly out, F8 (Flyball, 8LD, EV 81.9 MPH)
|
Pitching: LHP Chris Deans
|
|
Batting: RHB Harris Leroux
|
0-0: Ball 1-0: Called Strike 1-1: Foul Ball, location: 2F 1-2: Fielders Choice at 2nd, 5-4 (Groundball, 5S, EV 80.6 MPH) Scott Scott scores Josh Patterson to third
|
Batting: RHB Mitch Boyd
|
0-0: Foul Ball, location: 2F 0-1: Ball 1-1: SINGLE (Groundball, 56D, EV 98.1 MPH) Josh Patterson scores Harris Leroux to second
|
Batting: LHB Esteban Cordova
|
0-0: Called Strike 0-1: Ball 1-1: Swinging Strike 1-2: Ball 2-2: Ball 3-2: Foul Ball, location: 2F 3-2: DOUBLE (Flyball, 8LXD, EV 93.8 MPH) Harris Leroux scores Mitch Boyd to third Mitch Boyd scores
|
Batting: RHB Carlos Salazar
|
0-0: Ball 1-0: Foul Ball, location: 2F 1-1: Called Strike 1-2: Fly out, F8 (Flyball, 78D, EV 93.8 MPH)
|
Bottom of the 4th over - 6 runs, 6 hits, 0 errors, 1 left on base; Lowell 0 - Mahoning Valley 7 |
TOP OF THE 5TH |
Lowell Spinners batting - Pitching for Mahoning Valley Scrappers : RHP Arturo Rojas
|
Batting: SHB Salvador Padilla
|
0-0: Ball 1-0: Foul Ball, location: 2F 1-1: Foul Ball, location: 2F 1-2: Fly out, F4 (Popup, 4M, EV 74.4 MPH)
|
Batting: RHB John Doucette
|
0-0: Ball 1-0: Ball 2-0: Fly out, F5 (Line Drive, 5, EV 76.2 MPH)
|
Batting: RHB Mike Strey
|
0-0: Ball 1-0: Foul Ball, location: 2F 1-1: Ball 2-1: Swinging Strike 2-2: Ball 3-2: Fly out, F7 (Flyball, 78S, EV 90.6 MPH)
|
Top of the 5th over - 0 runs, 0 hits, 0 errors, 0 left on base; Lowell 0 - Mahoning Valley 7 |
BOTTOM OF THE 5TH |
Mahoning Valley Scrappers batting - Pitching for Lowell Spinners : LHP Chris Deans
|
Batting: RHB Willie Gonzales
|
0-0: Foul Ball, location: 2F 0-1: Foul Ball, location: 2F 0-2: Ball 1-2: Ball 2-2: Strikes out swinging
|
Batting: SHB Scott Scott
|
0-0: Ball 1-0: Ball 2-0: Ground out 6-3 (Groundball, 56D, EV 101.9 MPH)
|
Batting: RHB Josh Patterson
|
0-0: Ball 1-0: Ball 2-0: Ball 3-0: Called Strike 3-1: Ground out 5-3 (Groundball, 56, EV 101.2 MPH)
|
Bottom of the 5th over - 0 runs, 0 hits, 0 errors, 0 left on base; Lowell 0 - Mahoning Valley 7 |
TOP OF THE 6TH |
Lowell Spinners batting - Pitching for Mahoning Valley Scrappers : RHP Arturo Rojas
|
Batting: RHB Jim Hubbard
|
0-0: Ball 1-0: Called Strike 1-1: Foul Ball, location: 2F 1-2: Strikes out swinging
|
Batting: SHB Eric Evans
|
0-0: Called Strike 0-1: Called Strike 0-2: Strikes out swinging
|
Batting: RHB Dave Burwell
|
0-0: Called Strike 0-1: Ball 1-1: Foul Ball, location: 2F 1-2: Ball 2-2: Strikes out swinging
|
Top of the 6th over - 0 runs, 0 hits, 0 errors, 0 left on base; Lowell 0 - Mahoning Valley 7 |
BOTTOM OF THE 6TH |
Mahoning Valley Scrappers batting - Pitching for Lowell Spinners : LHP Chris Deans
|
Batting: LHB Ben Rubenacker
|
0-0: Called Strike 0-1: Ball 1-1: Ground out 6-3 (Groundball, P, EV 78.1 MPH)
|
Batting: LHB Kazuyoshi Nakamura
|
0-0: Ball 1-0: Ball 2-0: Ball 3-0: Base on Balls
|
Batting: RHB Harris Leroux
|
0-0: Called Strike 0-1: Fly out, F9 (Flyball, 9, EV 95.6 MPH)
|
Batting: RHB Mitch Boyd
|
0-0: Ball 1-0: Ball 2-0: Ball Wild Pitch! Kazuyoshi Nakamura to second 3-0: Base on Balls
|
Batting: LHB Esteban Cordova
|
0-0: Called Strike 0-1: SINGLE (Groundball, 34S, EV 64.4 MPH) (infield hit) Kazuyoshi Nakamura to third Mitch Boyd to second
|
Batting: RHB Carlos Salazar
|
0-0: Swinging Strike 0-1: Ball 1-1: Foul Ball, location: 2F 1-2: Ball 2-2: Strikes out swinging
|
Bottom of the 6th over - 0 runs, 1 hit, 0 errors, 3 left on base; Lowell 0 - Mahoning Valley 7 |
TOP OF THE 7TH |
Lowell Spinners batting - Pitching for Mahoning Valley Scrappers : RHP Arturo Rojas
|
Batting: RHB Alex Cardenas
|
0-0: Ball 1-0: Ball 2-0: Foul Ball, location: 2F 2-1: Foul Ball, location: 2F 2-2: SINGLE (Line Drive, 9S, EV 98.8 MPH)
|
Batting: RHB Bobby Schimke
|
0-0: Ball 1-0: Foul Ball, location: 2F 1-1: Called Strike 1-2: Foul Ball, location: 2F 1-2: Grounds into double play, 4-6-3 (Groundball, 4, EV 80.6 MPH)
|
Batting: RHB Tony Nunez
|
0-0: Called Strike 0-1: Ball 1-1: Ball 2-1: Foul Ball, location: 2F 2-2: Ground out 6-3 (Groundball, 6, EV 81.9 MPH)
|
Top of the 7th over - 0 runs, 1 hit, 0 errors, 0 left on base; Lowell 0 - Mahoning Valley 7 |
BOTTOM OF THE 7TH |
Mahoning Valley Scrappers batting - Pitching for Lowell Spinners : LHP Chris Deans
|
Batting: RHB Willie Gonzales
|
0-0: Called Strike 0-1: Called Strike 0-2: SINGLE (Line Drive, 9S, EV 96.9 MPH)
|
Pitching: RHP Marco Benavente
|
|
Batting: SHB Scott Scott
|
0-0: Swinging Strike 0-1: Ball 1-1: Ball 2-1: Swinging Strike 2-2: Ball 3-2: Strikes out swinging Willie Gonzales steals 2nd base Batter strikes out.
|
Batting: RHB Josh Patterson
|
0-0: Called Strike 0-1: Called Strike 0-2: Ground out U3 (Groundball, 3, EV 86.9 MPH) Willie Gonzales to third
|
Batting: LHB Ben Rubenacker
|
0-0: Called Strike 0-1: Ball 1-1: Ball 2-1: Fly out, F7 (Line Drive, 78M, EV 95.0 MPH)
|
Bottom of the 7th over - 0 runs, 1 hit, 0 errors, 1 left on base; Lowell 0 - Mahoning Valley 7 |
TOP OF THE 8TH |
Lowell Spinners batting - Pitching for Mahoning Valley Scrappers : RHP Arturo Rojas
|
Pinch Hitting: LHB Joel Soto
|
0-0: Ball 1-0: Called Strike 1-1: Foul Ball, location: 2F 1-2: Ball 2-2: Hit by Pitch
|
Batting: RHB John Doucette
|
0-0: Ball 1-0: Called Strike 1-1: DOUBLE (Line Drive, 89D, EV 95.0 MPH) Joel Soto to third
|
Batting: RHB Mike Strey
|
0-0: Fly out, F9 (Flyball, 9, EV 99.4 MPH) Runner from 3rd tags up, SCORES, throw by RF John Doucette to third
|
Pitching: RHP Mike Borell
|
|
Batting: RHB Jim Hubbard
|
0-0: Ball 1-0: Ball 2-0: Called Strike 2-1: Swinging Strike 2-2: Fly out, F9 (Flyball, 89S, EV 90.0 MPH)
|
Batting: SHB Eric Evans
|
0-0: Ball 1-0: Ball 2-0: Ball 3-0: Called Strike 3-1: Swinging Strike 3-2: Foul Ball, location: 2F 3-2: Foul Ball, location: 2F 3-2: Ground out 3-1 (Groundball, 34S, EV 83.8 MPH)
|
Top of the 8th over - 1 run, 1 hit, 0 errors, 1 left on base; Lowell 1 - Mahoning Valley 7 |
BOTTOM OF THE 8TH |
Mahoning Valley Scrappers batting - Pitching for Lowell Spinners : RHP Marco Benavente
|
Now at 1B: Curt Stallings
|
|
Batting: LHB Kazuyoshi Nakamura
|
0-0: Called Strike 0-1: Ball 1-1: Ball 2-1: SOLO HOME RUN (Flyball, 9D, EV 98.8 MPH), Distance : 389 ft
|
Batting: RHB Harris Leroux
|
0-0: Ball 1-0: Called Strike 1-1: Ball 2-1: Foul Ball, location: 2F 2-2: Ball 3-2: Base on Balls
|
Batting: RHB Mitch Boyd
|
0-0: Ball 1-0: Called Strike 1-1: Ball 2-1: Foul Ball, location: 2F 2-2: Ball 3-2: Base on Balls Harris Leroux to second
|
Pitching: LHP Ken Berger
|
|
Batting: LHB Esteban Cordova
|
0-0: Ball 1-0: Called Strike 1-1: Foul Ball, location: 2F 1-2: Foul Ball, location: 2F 1-2: Ball 2-2: Foul Ball, location: 2F 2-2: Foul Ball, location: 2F 2-2: Foul Ball, location: 2F 2-2: Ball 3-2: Fly out, F4 (Popup, 23, EV 90.6 MPH)
|
Batting: RHB Carlos Salazar
|
0-0: Ball 1-0: Ball 2-0: Foul Ball, location: 2F 2-1: Fly out, F7 (Flyball, 7S, EV 90.6 MPH)
|
Batting: RHB Willie Gonzales
|
0-0: Foul Ball, location: 2F 0-1: Foul Ball, location: 2F 0-2: Ball 1-2: Ball 2-2: DOUBLE (Flyball, 8RXD, EV 103.1 MPH) Harris Leroux scores Mitch Boyd to third
|
Batting: SHB Scott Scott
|
0-0: Foul Ball, location: 2F 0-1: Ball 1-1: Ball Wild Pitch! Mitch Boyd scores Willie Gonzales to third 2-1: Foul Ball, location: 2F 2-2: Fly out, F6 (Popup, 6MD, EV 73.8 MPH)
|
Bottom of the 8th over - 3 runs, 2 hits, 0 errors, 1 left on base; Lowell 1 - Mahoning Valley 10 |
TOP OF THE 9TH |
Lowell Spinners batting - Pitching for Mahoning Valley Scrappers : RHP Mike Borell
|
Batting: RHB Dave Burwell
|
0-0: Ball 1-0: Foul Ball, location: 2F 1-1: Ball 2-1: Ball 3-1: Fly out, F3 (Popup, 23F, EV 76.9 MPH)
|
Batting: RHB Alex Cardenas
|
0-0: Called Strike 0-1: Ball 1-1: Called Strike 1-2: Foul Ball, location: 2F 1-2: Strikes out swinging
|
Batting: RHB Bobby Schimke
|
0-0: Called Strike 0-1: Ball 1-1: Ball 2-1: Fly out, F8 (Flyball, 8RD, EV 108.8 MPH)
|
Top of the 9th over - 0 runs, 0 hits, 0 errors, 0 left on base; Lowell 1 - Mahoning Valley 10 |
|